 Dungeon Crawl Stone Soup version 0.22.0-38-g04b72b8 (webtiles) character file.

5159 Lavandula the Cleaver (level 10, 0/77 HPs)
             Began as a Centaur Berserker on Aug 30, 2018.
             Was an Elder of Trog.
             Slain by a warg (12 damage)
             ... on level 7 of the Dungeon.
             The game lasted 00:20:53 (3552 turns).

Lavandula the Cleaver (Centaur Berserker)           Turns: 3552, Time: 00:20:54

Health: 0/77       AC: 12    Str: 22    XL:     10   Next: 33%
Magic:  10/10      EV:  6    Int:  6    God:    Trog [****..]
Gold:   330        SH:  0    Dex: 10    Spells: 9/9 levels left

rFire    . . .     SeeInvis .   v - +8 trident of the Octopus King {venom, rElec rPois MR+}
rCold    + + .     Gourm    .   (no shield)
rNeg     . . .     Faith    .   F - +4 chain mail {rC+}
rPois    +         Spirit   .   (no helmet)
rElec    +         Reflect  .   (no cloak)
rCorr    .         Harm     .   x - +0 pair of gloves
MR       ++++.                  (no barding)
Stlth    ..........             (no amulet)
HPRegen  1.22/turn              l - ring of protection from magic
MPRegen  0.12/turn              s - ring of protection from cold

@: berserk cooldown, regenerating, slowed
A: large, hooves 3, deformed body, speed 2, tough skin 3
a: Berserk, Trog's Hand, Brothers in Arms, Renounce Religion


You were on level 7 of the Dungeon.
You worshipped Trog.
Trog was greatly pleased with you.
You were very hungry.

You visited 1 branch of the dungeon, and saw 8 of its levels.

You collected 330 gold pieces.

Inventory:

Hand Weapons
 t - a +4 battleaxe
 u - a +0 war axe
 v - the +8 trident of the Octopus King (weapon) {venom, rElec rPois MR+}
   (You found it on level 5 of the Dungeon)

   It poisons the flesh of those it strikes.
   It insulates you from electricity.
   It protects you from poison.
   It affects your resistance to hostile enchantments.
 G - a +2 broad axe
Missiles
 e - 37 poisoned needles
 o - 9 tomahawks (quivered)
Armour
 b - a +0 animal skin
 m - a +0 ring mail
 x - a +0 pair of gloves (worn)
 F - a +4 chain mail of cold resistance (worn)
Jewellery
 l - a ring of protection from magic (left hand)
 s - a ring of protection from cold (right hand)
 y - an uncursed ring of flight
 B - an uncursed ring of fire
Scrolls
 f - 2 scrolls of magic mapping
 h - 2 scrolls of remove curse
 j - 2 scrolls of teleportation
 r - 2 scrolls of enchant armour {unknown}
 A - a scroll of torment {unknown}
 C - a scroll of fog {unknown}
 E - a scroll of amnesia {unknown}
 H - a scroll of identify {unknown}
Potions
 d - a potion of flight {unknown}
 g - a potion of heal wounds {unknown}
 i - 2 potions of lignification {unknown}
 k - a potion of magic {unknown}
 n - a potion of berserk rage {unknown}
 p - 3 potions of mutation {unknown}
 q - 2 potions of invisibility {unknown}
 z - a potion of brilliance {unknown}
 D - a potion of curing {unknown}
Miscellaneous
 w - a box of beasts
Comestibles
 a - a chunk of flesh
 c - 11 rations


   Skills:
 - Level 3.0 Fighting
 + Level 13.4 Axes
 - Level 1.3 Throwing
 - Level 1.3 Armour
 - Level 2.9 Dodging


You had 9 spell levels left.
You didn't know any spells.
Your spell library was empty.

Dungeon Overview and Level Annotations

Branches:
Dungeon (8/15)
 Temple: D:4-7         Lair: D:8-11

Altars:
Fedhas
Okawaru
Qazlal
Uskayaw

Annotations:
D:5 3 runed doors
D:8 exclusion: 2 oklob plants


Innate Abilities, Weirdness & Mutations

You have hooves in place of feet.
Armour fits poorly on your strangely shaped body.
You cover ground very quickly.
You have extremely tough skin. (AC +3)


Message History

* * * LOW HITPOINT WARNING * * *
Your larval fireweird beast barely misses the warg.
The warg bites you.
* * * LOW HITPOINT WARNING * * *
Unknown command.
You hit the warg.
You kill the warg!
Trog accepts your kill.
You swap places.
The warg bites your larval fireweird beast.
Your larval fireweird beast closely misses the warg.
You see here a warg corpse.
Unknown command.
Your larval fireweird beast hits the warg!
You puncture the warg!
The warg is poisoned.
The warg is severely wounded.
The warg bites you.
* * * LOW HITPOINT WARNING * * *
The warg bites you!
You die...

*******#######################***
*,,,,,,........h@P....†.......,,,
*,,,,,,........H†..P..........,,,
*,,,,≈≈≈≈≈≈≈≈≈≈≈≈≈≈≈≈†≈≈≈≈≈≈≈≈≈≈≈
*,,,,≈≈≈≈≈≈≈≈≈≈≈≈≈≈≈≈≈≈≈≈≈≈≈≈≈≈≈≈
*,,,,≈≈#####≈≈≈≈≈≈≈≈≈≈≈≈≈≈≈≈≈≈≈≈≈
*,,,,≈≈#.,,#..................,,,
*,,,,≈≈#,,,###################***
*,,,,≈≈***'*,,,,* *,,,**,,,*,,
*,,,,≈≈≈,*,*,,,,********,,,,*****


You could see a warg and a friendly larval fireweird beast.

Vanquished Creatures
  An orc warlord (D:7)
  2 orc knights (D:7)
  A hungry ghost (D:7)
  9 wargs (D:7)
  4 orc warriors (D:7)
  An ice beast (D:7)
  2 phantoms
  2 ogres (D:5)
  A centaur (D:5)
  2 bullfrogs
  A wyvern zombie (D:6)
  5 scorpions
  A wight (D:5)
  5 crimson imps
  A jelly (D:5)
  A bullfrog skeleton (D:5)
  3 orc priests
  A centaur skeleton (D:8)
  3 hounds
  4 orc wizards
  7 worker ants
  An iguana (D:4)
  A hound zombie (D:7)
  2 hound skeletons
  A gnoll (D:5)
  10 adders
  A shadow imp (D:5)
  3 adder skeletons
  An adder zombie (D:5)
  A dart slug (D:2)
  2 leopard geckos
  28 orcs
  5 giant cockroaches
  10 hobgoblins
  9 jackals
  4 quokkas
  A ball python (D:2)
  6 bats
  3 frilled lizards
  2 giant cockroach zombies
  4 goblins
  3 kobolds
  2 leopard gecko zombies (D:5)
  A quokka zombie (D:5)
  2 rats
160 creatures vanquished.

Notes
Turn   | Place    | Note
-------+----------+-------------------------------------------
     0 | D:1      | Lavandula the Centaur Berserker began the quest for the Orb.
     0 | D:1      | Reached XP level 1. HP: 19/19 MP: 1/1
   135 | D:1      | Reached skill level 3 in Axes
   136 | D:1      | Reached XP level 2. HP: 26/26 MP: 2/2
   337 | D:2      | Reached XP level 3. HP: 31/31 MP: 3/3
   403 | D:2      | Reached skill level 4 in Axes
   429 | D:2      | Reached ** piety under Trog
   486 | D:2      | Reached XP level 4. HP: 16/38 MP: 4/4
   596 | D:3      | Reached skill level 5 in Axes
   688 | D:3      | Reached skill level 1 in Throwing
   688 | D:3      | Reached XP level 5. HP: 44/45 MP: 5/5
  1112 | D:3      | Found an iron altar of Okawaru.
  1195 | D:4      | Reached skill level 6 in Axes
  1195 | D:4      | Reached XP level 6. HP: 50/51 MP: 6/6
  1235 | D:5      | Entered Level 5 of the Dungeon
  1235 | D:5      | Found a runed gate.
  1235 | D:5      | Found a runed gate.
  1235 | D:5      | Found a runed gate.
  1479 | D:5      | Reached skill level 7 in Axes
  1552 | D:5      | Reached XP level 7. HP: 23/57 MP: 7/7
  1611 | D:5      | Reached *** piety under Trog
  1613 | D:5      | Found the +8 trident of the Octopus King {venom, rElec rPois MR+}
  1711 | D:5      | Reached skill level 8 in Axes
  2006 | D:5      | Reached XP level 8. HP: 46/63 MP: 8/8
  2344 | D:6      | Reached **** piety under Trog
  2345 | D:6      | Found a stormy altar of Qazlal.
  2356 | D:6      | Noticed an air elemental
  2407 | D:6      | Reached skill level 9 in Axes
  2581 | D:7      | Found a hide-covered altar of Uskayaw.
  2582 | D:7      | Noticed a hand axe
  2582 | D:7      | Noticed a dagger
  2739 | D:7      | Reached skill level 10 in Axes
  2880 | D:8      | Reached XP level 9. HP: 69/69 MP: 9/9
  2988 | D:7      | Reached skill level 11 in Axes
  3078 | D:7      | Noticed an orc knight
  3099 | D:7      | Killed an orc knight
  3181 | D:7      | Noticed an orc warlord
  3209 | D:7      | Killed an orc warlord
  3209 | D:7      | Reached skill level 12 in Axes
  3219 | D:7      | Reached XP level 10. HP: 27/77 MP: 10/10
  3251 | D:7      | Noticed an orc knight
  3266 | D:7      | Killed an orc knight
  3267 | D:7      | Reached skill level 13 in Axes
  3377 | D:8      | Found a blossoming altar of Fedhas.
  3379 | D:8      | Noticed an oklob plant
  3379 | D:8      | Noticed an oklob plant
  3552 | D:7      | Slain by a warg

Skill      XL: |  1  2  3  4  5  6  7  8  9 10 |
---------------+-------------------------------+-----
Axes           | 3 4 5 6 7 8 10 12 13 | 13.4
Throwing       | 1 |  1.3
Dodging        | 2 |  2.9
Fighting       | |  3.0
Armour         | |  1.3

Action                   |  1- 3 |  4- 6 |  7- 9 | 10-12 || total
-------------------------+-------+-------+-------+-------++-------
Melee: Hand axe          |    60 |   116 |     6 |       ||   182
       Kick              |    10 |    25 |    31 |    12 ||    78
       Trident           |       |       |   195 |    59 ||   254
Throw: Tomahawk          |       |     9 |     6 |       ||    15
Invok: Berserk           |     4 |     8 |     7 |     2 ||    21
       Trog's Hand       |     1 |     1 |     2 |     3 ||     7
       Brothers in Arms  |       |       |     2 |       ||     2
Evoke: Box of beasts     |       |       |       |     1 ||     1
  Use: Scroll            |       |       |     1 |     3 ||     4
  Eat: Chunk             |     2 |    10 |     8 |     5 ||    25
       Ration            |       |       |     3 |       ||     3
Armor: Animal skin       |    33 |    19 |    12 |       ||    64
       Ring mail         |       |       |    18 |       ||    18
       Chain mail        |       |       |       |    39 ||    39
Dodge: Dodged            |    31 |    42 |    45 |    21 ||   139
